 Dungeon Crawl Stone Soup version 0.31-a0-960-g0fca184906 (webtiles) character file.

Game seed: 14662838700110113198

2156 gelatine the Scratcher (level 9, -3/38 HPs)
             Began as a Felid Shapeshifter on Oct 24, 2023.
             Engulfed by a cloud of poison gas (6 damage)
             ... in a bailey.
             The game lasted 00:29:38 (5988 turns).

gelatine the Scratcher (Felid Shapeshifter)         Turns: 5988, Time: 00:29:39

Health: -3/38      AC:  2    Str: 14    XL:     9   Next: 10%
Magic:  3/15       EV: 24    Int: 11    God:
Gold:   220        SH:  0    Dex: 16    Spells: 6/13 levels left
                                        Lives:  0   Deaths: 3

rFire   . .          .
                       - Unarmed
rCold   . . .        (shield unavailable)
rNeg    . . .        (body armour unavailable)
rPois   .            (helmet unavailable)
rElec   .            (cloak unavailable)
rCorr   .            (gloves unavailable)
SInv    +            (boots unavailable)
Will    +....        (no amulet)
Stlth   +++          g - +5 ring of evasion
HPRegen 0.26/turn    (no ring)
MPRegen 0.14/turn

%: no passive effects
@: lethally poisoned (-3 -> -47), about to teleport, beast-form, quick
A: beast (slay +2), very small, claws 1, fangs 3, see invisible, speed 1, shaggy
fur 2, stealthy paws, no weapons or thrown items, no armour, multi-lived, high
MP 1, mutation resistance 1
a: Begin Untransformation


You were in a bailey.
You were a hulking beast.
You visited 2 branches of the dungeon, and saw 8 of its levels.
You also visited: Sewer and Bailey.

You collected 396 gold pieces.
You spent 176 gold pieces at shops.

Inventory:

Jewellery
 g - a +5 ring of evasion (left paw)
 h - a ring of wizardry
Talismans
 b - a beast talisman
 c - a flux talisman
Wands
 l - a wand of polymorph (3)
Scrolls
 e - 2 scrolls of amnesia
 i - 2 scrolls of poison
 j - 7 scrolls of teleportation
 q - 2 scrolls of fog
 t - a scroll of vulnerability
Potions
 a - 3 potions of lignification
 f - 3 potions of might
 k - a potion of mutation
 m - a potion of enlightenment
 o - a potion of curing
 p - a potion of cancellation {unknown}
 s - a potion of haste {unknown}
 v - a potion of berserk rage {unknown}


   Skills:
 * Level 3.6 Fighting
 + Level 5.4 Dodging
 * Level 5.5 Stealth
 * Level 7.5 Unarmed Combat
 * Level 2.8 Spellcasting
 * Level 1.8 Conjurations
 * Level 2.2 Summonings
 * Level 2.4 Poison Magic
 + Level 1.7 Evocations
 * Level 5.1 Shapeshifting


You had 6 spell levels left.
You knew the following spells:

 Your Spells              Type           Power      Damage    Failure   Level
a - Olgreb's Toxic Radia  Pois           7%         N/A       67%         4
b - Call Imp              Summ           12%        N/A       16%         2
c - Magic Dart            Conj           20%        1d4       13%         1

Your spell library contained the following spells:

 Spells                   Type           Power      Damage    Failure   Level
 Freeze                   Ice            4%         1d3       26%         1
 Mephitic Cloud           Conj/Pois/Air  4%         N/A       41%         3
 Hailstorm                Conj/Ice       3%         3d3       50%         3
 Frozen Ramparts          Ice            2%         1d1       63%         3
 Gell's Gravitas          Tloc           1%         N/A       63%         3
 Teleport Other           Tloc           1%         N/A       63%         3
 Dispersal                Tloc           0%         N/A       100%        6
 Discord                  Hex            0%         N/A       100%        8
 Ignition                 Fire           0%         3d3       100%        8


Dungeon Overview and Level Annotations

Branches:
Dungeon (7/15)             Temple (1/1) D:4           Sewer (visited)
 Bailey (1/1)

Altars:
Ashenzari
Cheibriados
Dithmenos
Elyvilon
Fedhas
Gozag
Hepliaklqana
Kikubaaqudgha
Makhleb
Nemelex Xobeh
Okawaru
Qazlal
Sif Muna
Trog
Uskayaw
Vehumet
Wu Jian
Xom
Yredelemnul
The Shining One

Shops:
D:4 *   D:5 *


Innate Abilities, Weirdness & Mutations

You are a hulking beast.
Your limbs bulge with bestial killing power. (Slay +2)
You have sharp claws.
You have razor-sharp teeth.
You have supernaturally acute eyesight. (SInv)
You cover ground quickly. (Speed+)
You are covered in thick fur. (AC +2)
Your paws help you pounce on unaware monsters.
You are incapable of wielding weapons or throwing items.
You cannot wear armour.
You gain extra lives every three experience levels.
You have an increased reservoir of magic. (+10% MP)
You are somewhat resistant to further mutation.


Message History

Your magical contamination has completely faded away.
There is an open door here.
Aiming: Polymorph
Press: ? - help, Q - select action, (/) - cycle Shift-Dir - straight line, f/p - orc warlord
Aim: an orc warlord, wielding a +6 battleaxe and wearing a +0 plate armour (moderately wounded, will become a yellow draconian, a redback, or a dire elephant, chance to affect: 21%)
The orc warlord evaporates and reforms as a dire elephant!
Aiming: Polymorph
Press: ? - help, Q - select action, (/) - cycle Shift-Dir - straight line, f/p - dire elephant
Aim: a dire elephant (lightly wounded, will become a five-headed hydra, a formless jellyfish, or a black draconian, chance to affect: 3%)
The dire elephant resists with almost no effort.
Read: 3 scrolls of poison
Press: ? - help, Q - select action, (/) - cycle Dir - look around, f - activate Look: a dire elephant The air fills with toxic fumes!
As you read the scroll of poison, it crumbles to dust.
You feel much better.
The dire elephant is engulfed in poison gas.
The dire elephant is poisoned.
As you read the scroll of teleportation, it crumbles to dust.
You feel strangely unstable.
The dire elephant is engulfed in poison gas.
The dire elephant looks even sicker.
The dire elephant tramples you!
* * * LOW HITPOINT WARNING * * *
You stumble backwards!
You are engulfed in poison gas.
You are lethally poisoned!
* * * LOW HITPOINT WARNING * * *
x2 You feel very sick.
Unknown command.
You feel much better.
You are engulfed in poison gas.
You are lethally poisoned!
* * * LOW HITPOINT WARNING * * *
You feel very sick.
The dire elephant is engulfed in poison gas.
The dire elephant looks even sicker.
The dire elephant tramples you!
* * * LOW HITPOINT WARNING * * *
You stumble backwards!
You are engulfed in poison gas.
You are more poisoned.
You die...

♣§##.☼§§#~.8...8.~#..(
♣♣§§###'###.......###'#
♣§☼§§§§§#~~.8...8.~~#.(
♣♣§§§§§§§#~.........~#.~
♣§§§§☼§§.#~....∩....~#.~
♣♣☼§§§§§§##.........##.~
♣☼§§§§§Y#~..8...8..~#.~
♣♣..###§#~.........~#)#
♣.##.h§#~|!8...8?)o#..
♣##..§§##~~#####~~##..
##...§§§####...####...
#...§§§§..............
#..8..8.............8.
#...............()....
##.............)......
##...8...##(')##...8.
##.....##..(..##))).


You could see a dire elephant (very poisoned).

Vanquished Creatures
  A black bear (D:7)
  Pargi (Sewer)
  3 orc warriors (Bailey)
  3 ice beasts
  3 ogres
  A centaur (D:6)
  A bullfrog (D:7)
  3 scorpions
  2 howler monkeys (D:7)
  3 jellies
  4 hounds
  An orc priest (D:4)
  2 sleepcaps
  Jessica (D:3)
  Ijyb (D:3)
  An orc wizard (D:6)
  4 iguanas
  5 gnolls
  7 adders
  A shadow imp (D:4)
  3 dart slugs
  3 worms
  8 orcs
  13 endoplasms
  4 giant cockroaches
  14 goblins
  9 hobgoblins
  6 jackals
  15 kobolds
  4 quokkas
  8 ball pythons
  4 bats
  9 frilled lizards
  5 rats
153 creatures vanquished.

Vanquished Creatures (collateral kills)
  A howler monkey (D:7)
  An orc (D:6)
  A frilled lizard (Sewer)
3 creatures vanquished.

Grand Total: 156 creatures vanquished

Notes
Turn   | Place    | Note
-------+----------+-------------------------------------------
     0 | D:1      | gelatine the Felid Shapeshifter began the quest for the
                  | Orb.
     0 | D:1      | Reached XP level 1. HP: 9/9 MP: 2/2
    68 | D:1      | Found a faded altar of an unknown god.
   144 | D:1      | Reached XP level 2. HP: 12/12 MP: 3/3
   517 | D:1      | Reached XP level 3. HP: 14/15 MP: 4/4
   752 | D:2      | Reached skill level 1 in Stealth
  1397 | D:3      | Reached XP level 4. HP: 19/19 MP: 5/5
  1469 | D:3      | Found a glowing drain.
  1475 | D:3      | Reached skill level 4 in Unarmed Combat
  1482 | Sewer    | Entered a sewer
  1522 | Sewer    | Noticed Pargi
  1539 | Sewer    | Slain by Pargi
  1592 | Sewer    | Slain by Pargi
  1622 | Sewer    | Gained mutation: You are occasionally teleported next to
                  | monsters. [potion of mutation]
  1624 | Sewer    | Lost mutation: You are occasionally teleported next to
                  | monsters. [potion of mutation]
  1624 | Sewer    | Gained mutation: You have an increased reservoir of magic.
                  | (+10% MP) [potion of mutation]
  1624 | Sewer    | Gained mutation: You are somewhat resistant to further
                  | mutation. [potion of mutation]
  1687 | Sewer    | Killed Pargi
  1688 | Sewer    | Reached XP level 5. HP: 15/22 MP: 6/6
  1766 | D:3      | Noticed Jessica
  1805 | D:3      | Killed Jessica
  1894 | D:3      | Noticed Ijyb
  1907 | D:3      | Killed Ijyb
  2070 | D:4      | Reached skill level 5 in Unarmed Combat
  2070 | D:4      | Gained mutation: You are covered in thick fur. (AC +2)
                  | [Felid growth]
  2070 | D:4      | Reached XP level 6. HP: 22/26 MP: 7/7
  2143 | D:4      | Learned a level 4 spell: Olgreb's Toxic Radiance
  2155 | D:4      | Found Imumooff's Incredible Inventory.
  2158 | D:4      | Identified the +8 glaive of Proximity {elec, *Slow rC+
                  | Dex+3}
  2163 | D:4      | Bought a scroll of identify for 20 gold pieces
  2275 | D:4      | Found a staircase to the Ecumenical Temple.
  2280 | Temple   | Entered the Ecumenical Temple
  2558 | D:4      | Found a faded altar of an unknown god.
  2558 | D:4      | Found a shadowy altar of Dithmenos.
  2564 | D:4      | Found a shimmering blue altar of Sif Muna.
  2566 | D:4      | Found an ancient bone altar of Kikubaaqudgha.
  2568 | D:4      | Found a snail-covered altar of Cheibriados.
  2906 | D:5      | Entered Level 5 of the Dungeon
  3020 | D:5      | Found Biarr's Mayhem Merchandise.
  3027 | D:5      | Bought a wand of iceblast (5) for 156 gold pieces
  3248 | D:5      | Reached XP level 7. HP: 30/30 MP: 8/10
  3505 | D:5      | Reached skill level 6 in Unarmed Combat
  3505 | D:5      | Reached skill level 1 in Spellcasting
  3505 | D:5      | Reached skill level 1 in Poison Magic
  3505 | D:5      | Reached skill level 1 in Evocations
  3509 | D:5      | Learned a level 2 spell: Call Imp
  3643 | D:5      | Reached skill level 5 in Dodging
  4200 | D:6      | Reached XP level 8. HP: 34/34 MP: 10/12
  4207 | D:6      | Learned a level 1 spell: Magic Dart
  4273 | D:6      | Reached skill level 1 in Summonings
  4516 | D:6      | Reached skill level 1 in Conjurations
  4561 | D:6      | Reached skill level 7 in Unarmed Combat
  4823 | D:7      | Reached skill level 5 in Stealth
  4937 | D:7      | Reached skill level 5 in Shapeshifting
  5094 | D:7      | Found a flagged portal.
  5100 | Bailey   | Entered a bailey
  5153 | Bailey   | Noticed an orc warlord
  5395 | Bailey   | Slain by an orc warrior
  5405 | Bailey   | Found a runed translucent gate.
  5407 | Bailey   | Found a runed translucent gate.
  5409 | Bailey   | Found a runed translucent gate.
  5481 | Bailey   | Reached XP level 9. HP: 24/38 MP: 5/15
  5981 | Bailey   | an orc warlord changed into a dire elephant
  5981 | Bailey   | Noticed a dire elephant
  5988 | Bailey   | Engulfed by a cloud of poison gas

Illustrated notes

Levels and vault maps discovered:
D:1:      roadster_arrival_rocket_large, layout_basic,
          shapermc_ecumenical_altar_flowoftime
D:2:      layout_basic
D:3:      layout_rooms, portal_sewer_entry_d, dk_vineyard_2, uniq_ijyb,
          uniq_jessica
D:4:      layout_gridville, chequers_temple_overflow_minitemple, temple_doors_e,
          nicolae_alphabet_shops
D:5:      minmay_evil_eye, layout_loops_cross, minmay_shop_mayhem,
          nicolae_hexahallways
D:6:      layout_rooms, serial_park_tiny_2, nicolae_twisty_statue_hallways
D:7:      layout_cave_pools, enter_bailey_3, hangedman_decor_clover_reticule
Temple:   kb_temple_of_zot
Bailey:   bailey_axe_bossmonster_kennysheep, bailey

Skill      XL: |  1  2  3  4  5  6  7  8 |
---------------+-------------------------+-----
Dodging        | 3 4 5 |  5.4
Stealth        | 1 2 3 4 5 |  5.5
Shapeshifting  | 4 5 |  5.1
Unarmed Combat | 4 5 6 7 |  7.5
Fighting       | 2 3 |  3.6
Spellcasting   | 1 2 |  2.8
Poison Magic   | 1 2 |  2.4
Evocations     | 1 |  1.7
Summonings     | 2 |  2.2
Conjurations   | 1 |  1.8

Action                     |  1- 3 |  4- 6 |  7- 9 || total
---------------------------+-------+-------+-------++-------
  Melee: Unarmed           |   112 |   141 |   150 ||   403
         Bite              |    12 |    18 |    24 ||    54
         Punch             |     2 |     4 |     6 ||    12
   Cast: Magic Dart        |       |       |    64 ||    64
         Call Imp          |       |       |    18 ||    18
  Evoke: Wand              |       |       |     7 ||     7
    Use: Scroll            |     4 |     6 |     7 ||    17
         Potion            |       |     5 |     3 ||     8
   Stab: Sleeping          |     7 |     2 |     6 ||    15
         Confused          |       |     2 |       ||     2
         Distracted        |       |       |     1 ||     1
         Invisible         |       |       |     1 ||     1
 Armour: Skin              |    18 |    44 |    38 ||   100
  Dodge: Dodged            |    57 |   157 |   103 ||   317

Table legend: (Time is in decaauts)
 A = Elapsed time spent in this place.
 B = Non-inter-level travel time spent in this place.
 C = Inter-level travel time spent in this place.
 D = Time resting spent in this place.
 E = Time spent auto-exploring this place.
 F = Levels seen in this place.
 G = Mean time per level.
                   A        B        C        D        E       F      G
               +--------+--------+--------+--------+--------+-----+--------+
         Total |   5212 |   5037 |    175 |      0 |   3401 |  10 |  521.2 |
       Dungeon |   4070 |   3939 |    131 |      0 |   2782 |   7 |  581.4 |
        Temple |     49 |      5 |     44 |      0 |      0 |   1 |   49.0 |
         Sewer |    276 |    276 |      0 |      0 |    120 |   1 |  276.0 |
        Bailey |    814 |    814 |      0 |      0 |    498 |   1 |  814.0 |
               +--------+--------+--------+--------+--------+-----+--------+

Top non-repeatable levels by time:
     D:5: 854 daAuts
  Bailey: 814 daAuts
     D:6: 689 daAuts
     D:4: 664 daAuts
     D:2: 642 daAuts
     D:1: 525 daAuts
     D:3: 352 daAuts
     D:7: 342 daAuts
   Sewer: 276 daAuts
  Temple: 49 daAuts
